 Dungeon Crawl Stone Soup version 0.26-a0-1222-g14533b3512 (webtiles) character file.

Game seed: 3594075868256786973

39 pkoi the Shooter (level 3, 0/33 HPs)
             Began as a Minotaur Hunter on Jan 1, 2021.
             Slain by an adder (1 damage)
             ... on level 2 of the Dungeon.
             The game lasted 00:01:08 (1221 turns).

pkoi the Shooter (Minotaur Hunter)                  Turns: 1221, Time: 00:01:09

Health: 0/33       AC:  3    Str: 17    XL:     3   Next: 28%
Magic:  2/2        EV: 12    Int:  8    God:
Gold:   130        SH:  0    Dex: 10    Spells: 2/2 levels left

rFire    . . .     SeeInvis .   b - +0 short sword
rCold    . . .     Faith    .   (no shield)
rNeg     . . .     Spirit   .   c - +0 leather armour
rPois    .         Reflect  .   (helmet restricted)
rElec    .         Harm     .   (no cloak)
rCorr    .         Rampage  .   (no gloves)
Will     .....                  (no boots)
Stlth    +.........             (no amulet)
HPRegen  0.11/turn              (no ring)
MPRegen  0.08/turn              j - ring of wizardry

@: lethally poisoned (0 -> -14)
A: retaliatory headbutt, horns 2
a: no special abilities


You were on level 2 of the Dungeon.
You visited 1 branch of the dungeon, and saw 2 of its levels.

You collected 130 gold pieces.

Inventory:

Hand Weapons
 a - a +1 shortbow
 b - a +0 short sword (weapon)
Missiles
 d - 50 arrows
Armour
 c - a +0 leather armour (worn)
Jewellery
 f - an uncursed ring of ice
 j - a ring of wizardry (right hand)
 k - an uncursed amulet of reflection {unknown}
Scrolls
 e - a scroll of amnesia {unknown}
 g - a scroll of magic mapping {unknown}
 l - a scroll of immolation {unknown}
 n - a scroll of enchant weapon {unknown}
 o - 2 scrolls of enchant armour {unknown}
 p - a scroll of identify {unknown}
 r - a scroll of fog {unknown}
Potions
 h - a potion of attraction {unknown}
 i - 3 potions of curing {unknown}
 m - a potion of magic {unknown}
 q - a potion of mutation {unknown}


   Skills:
 + Level 4.1 Fighting
 + Level 4.5 Bows
 + Level 0.9 Armour
 + Level 2.3 Dodging
 - Level 0.7 Stealth


You had 2 spell levels left.
You didn't know any spells.
Your spell library was empty.

Dungeon Overview and Level Annotations

Branches:
Dungeon (2/15)

Altars:
Kikubaaqudgha
Qazlal


Innate Abilities, Weirdness & Mutations

You reflexively headbutt those who attack you in melee.
You have a pair of horns on your head.


Message History

You are too injured to fight recklessly!
You are too injured to fight recklessly!
You are too injured to fight recklessly!
You are too injured to fight recklessly!
You are too injured to fight recklessly!
You are too injured to fight recklessly!
Unknown command.
You feel sick. The adder bites you. x2
You are lethally poisoned!
The adder poisons you!
You feel sick. The adder bites you.
* * * LOW HITPOINT WARNING * * *
You are more poisoned.
The adder poisons you! The adder bites you.
* * * LOW HITPOINT WARNING * * *
* * * LOW HITPOINT WARNING * * *
You feel sick. The adder barely misses you.
* * * LOW HITPOINT WARNING * * *
You feel sick. The adder bites you.
You die...

#....# ###..#### ....##
#.......# #.#..## #.......#
#.#...### #.......#
#.#.#...######.......#
#...###..............#######
..### #########.#≈.≈....≈.≈≈
.## #.#≈.$≈.≈≈≈≈.. .#
#.@S.≈≈≈≈≈≈≈≈≈ .#
##.S.≈≈≈≈≈≈≈≈≈ .#
#..≈≈≈≈≈≈≈≈≈≈ ##
#.≈≈≈≈≈≈≈≈≈≈≈ ##
#.≈≈≈≈≈♣_.≈≈≈ ##
#..≈≈≈≈≈..≈≈≈ ##
#...≈≈≈≈≈≈≈≈≈ ##
##≈.≈≈≈≈≈≈≈≈≈


You could see 2 adders.

Vanquished Creatures
  An adder (D:2)
  An ooze (D:1)
  A dart slug (D:1)
  4 bats
  3 giant cockroaches
  3 goblins (D:1)
  A hobgoblin (D:1)
  3 frilled lizards
  5 kobolds
  3 rats
25 creatures vanquished.

Vanquished Creatures (others)
  A human (D:2)
1 creature vanquished.

Grand Total: 26 creatures vanquished

Notes
Turn   | Place    | Note
-------+----------+-------------------------------------------
     0 | D:1      | pkoi the Minotaur Hunter began the quest for the Orb.
     0 | D:1      | Reached XP level 1. HP: 18/18 MP: 0/0
   115 | D:1      | Reached XP level 2. HP: 26/26 MP: 1/1
   803 | D:2      | Reached XP level 3. HP: 21/33 MP: 2/2
   986 | D:2      | Noticed an air elemental
   988 | D:2      | Found a stormy altar of Qazlal.
   989 | D:2      | Noticed a water elemental
   989 | D:2      | Noticed a fire elemental
   989 | D:2      | Noticed an earth elemental
  1151 | D:2      | Found an ancient bone altar of Kikubaaqudgha.
  1154 | D:2      | Noticed a human
  1155 | D:2      | Killed a human
  1209 | D:2      | Found a faded altar of an unknown god.
  1221 | D:2      | HP: 1/33 [poisoned by an adder]
  1221 | D:2      | Slain by an adder

Illustrated notes

Levels and vault maps discovered:
D:1:      dpeg_arrival_shrine, layout_rooms, roderic_serpentine_path
D:2:      layout_rooms, nicolae_qazlal_style_of_elements,
          chequers_ecumenical_altar_island, tgw_kikubaaqudgha

Skill      XL: |  1  2 |
---------------+-------+-----
Fighting       | 3 4 |  4.1
Bows           | |  4.5
Armour         | |  0.9
Dodging        | |  2.3
Stealth        | |  0.7

Action                   || total
-------------------------++-------
Melee: Short sword       ||    56
       Headbutt          ||     7
 Stab: Sleeping          ||     2
Armor: Leather armour    ||    20
Dodge: Dodged            ||    49

Table legend: (Time is in decaauts)
 A = Elapsed time spent in this place.
 B = Non-inter-level travel time spent in this place.
 C = Inter-level travel time spent in this place.
 D = Time resting spent in this place.
 E = Time spent auto-exploring this place.
 F = Levels seen in this place.
 G = Mean time per level.
                   A        B        C        D        E       F      G
               +--------+--------+--------+--------+--------+-----+--------+
         Total |   1226 |   1183 |     43 |     58 |    963 |   2 |  613.0 |
       Dungeon |   1226 |   1183 |     43 |     58 |    963 |   2 |  613.0 |
               +--------+--------+--------+--------+--------+-----+--------+

Top non-repeatable levels by time:
     D:1: 795 daAuts
     D:2: 430 daAuts
